[ AOE2 MATCH · #472838838 ]
UnrankedMongols vs Mapuche
Player's team · WIN
Rival team · LOSS
[ REPLAY ANALYSIS · EXTRACTED FROM THE RECORDED GAME ]
Feudal
10:00
Castle
—
Imperial
—
| APM avg | 47.3 |
| APM peak | 98 |
| eAPM avg | 15.2 |
| Villagers / military | 32 / 18 |
Focus
⚔️ 20.3% · 🌾 79.7%
Archer ×18
Feudal
10:04
Castle
—
Imperial
—
| APM avg | 39.8 |
| APM peak | 83 |
| eAPM avg | 22.1 |
| Villagers / military | 27 / 8 |
Focus
⚔️ 30.2% · 🌾 69.8%
Spearman ×4 · Archer ×3 · Skirmisher ×1
Match map
Initial resources + every placement click. Lines = walls · curves = elevation contours. ◆ gold · ⬟ stone · ● berries · ✦ relic · ◌ wall gap
Your base· Open — unwalled flank
amonxzol's base· Open — unwalled flank
Smoothed initial terrain · ◌ = detected wall gap · hover for details
Inputs per minute
— Robin5hood - - amonxzol
Build order — Robin5hood
73 actions detected in the replay
| 0:00 | Research | Loom |
| 0:02 | Build | House |
| 0:12 | Create | Villager (Male) ×4 |
| 2:31 | Create | Villager (Male) |
| 2:55 | Create | Villager (Male) |
| 2:55 | Create | Villager (Male) |
| 2:56 | Create | Villager (Male) |
| 3:07 | Build | House |
| 3:13 | Build | House |
| 3:35 | Create | Villager (Male) |
| 3:57 | Create | Villager (Male) ×3 |
| 4:04 | Build | Lumber Camp |
| 5:14 | Create | Villager (Male) |
| 5:19 | Create | Villager (Male) |
| 6:00 | Create | Villager (Male) |
| 6:42 | Build | Mining Camp |
| 6:52 | Create | Villager (Male) |
| 7:25 | Create | Villager (Male) |
| 7:37 | Research | Feudal Age |
| 8:07 | Build | Barracks |
| 8:28 | Create | Villager (Male) |
| 8:28 | Create | Villager (Male) |
| 8:32 | Build | House |
| 8:33 | Build | House |
| 10:00 | Age | Feudal Age |
| 10:01 | Build | Archery Range |
| 10:04 | Research | Double-Bit Axe |
| 10:18 | Create | Villager (Male) |
| 10:32 | Create | Villager (Male) |
| 10:56 | Create | Archer |
| 11:11 | Create | Villager (Male) |
| 11:17 | Build | Archery Range |
| 11:19 | Create | Archer |
| 11:43 | Build | Watch Tower |
| 11:48 | Build | Lumber Camp |
| 11:53 | Create | Villager (Male) |
| 12:02 | Create | Archer |
| 12:18 | Build | House |
| 12:22 | Create | Villager (Male) |
| 12:24 | Create | Archer |
| 12:46 | Create | Archer |
| 12:50 | Create | Archer |
| 12:50 | Create | Archer |
| 12:52 | Create | Villager (Male) |
| 12:52 | Create | Villager (Male) |
| 13:23 | Build | House |
| 13:25 | Create | Villager (Male) |
| 13:27 | Create | Archer |
| 13:28 | Create | Archer |
| 13:38 | Build | House |
| 13:42 | Build | House |
| 13:45 | Create | Villager (Male) |
| 13:47 | Create | Archer |
| 13:47 | Create | Archer |
| 14:15 | Build | Blacksmith |
| 14:31 | Create | Archer |
| 14:31 | Create | Archer |
| 14:40 | Create | Villager (Male) |
| 14:43 | Research | Wheelbarrow |
| 14:51 | Create | Villager (Male) |
| 15:25 | Create | Archer |
| 15:25 | Create | Archer |
| 15:33 | Research | Fletching |
| 15:40 | Create | Villager (Male) |
| 15:41 | Create | Villager (Male) |
| 15:49 | Build | Mill |
| 15:58 | Create | Archer |
| 16:19 | Build | Farm |
| 16:20 | Build | Farm |
| 16:20 | Build | Farm |
| 16:20 | Build | Farm |
| 16:20 | Build | Farm |
| 16:24 | Create | Archer ×2 |
Build order — amonxzol
56 actions detected in the replay
| 0:01 | Create | Villager (Male) |
| 0:02 | Build | House |
| 0:03 | Build | House |
| 0:22 | Research | Loom |
| 1:15 | Create | Villager (Male) |
| 1:15 | Create | Villager (Male) |
| 1:36 | Create | Villager (Male) |
| 2:31 | Create | Villager (Male) |
| 2:52 | Create | Villager (Male) |
| 2:53 | Create | Villager (Male) |
| 4:00 | Build | Settlement |
| 4:01 | Create | Villager (Male) |
| 4:02 | Create | Villager (Male) |
| 4:02 | Create | Villager (Male) |
| 4:17 | Create | Villager (Male) |
| 4:20 | Create | Villager (Male) |
| 4:48 | Create | Villager (Male) |
| 4:48 | Create | Villager (Male) |
| 5:03 | Create | Villager (Male) |
| 5:40 | Create | Villager (Male) |
| 7:05 | Build | Settlement |
| 7:54 | Research | Feudal Age |
| 8:50 | Build | Barracks |
| 9:27 | Build | House |
| 9:28 | Create | Villager (Male) |
| 10:04 | Age | Feudal Age |
| 10:05 | Build | Archery Range |
| 10:07 | Create | Villager (Male) |
| 10:20 | Create | Spearman |
| 10:25 | Create | Spearman |
| 10:30 | Create | Villager (Male) |
| 10:37 | Create | Villager (Male) |
| 10:46 | Create | Archer |
| 10:52 | Create | Villager (Male) |
| 11:04 | Create | Villager (Male) |
| 11:06 | Create | Spearman |
| 11:30 | Create | Archer |
| 11:49 | Build | Settlement |
| 11:53 | Create | Villager (Male) |
| 11:56 | Build | House |
| 11:57 | Build | House |
| 12:01 | Build | Blacksmith |
| 12:05 | Build | Palisade Wall |
| 12:26 | Create | Archer |
| 12:46 | Build | Farm |
| 13:11 | Create | Villager (Male) |
| 13:26 | Create | Spearman |
| 13:28 | Build | Farm |
| 13:41 | Create | Villager (Male) |
| 14:16 | Create | Skirmisher |
| 14:20 | Research | Double-Bit Axe |
| 14:43 | Create | Villager (Male) |
| 14:48 | Build | Watch Tower |
| 15:31 | Build | House |
| 15:40 | Create | Villager (Male) |
| 16:12 | Build | Farm |
Match timeline
| 8:07 | Robin5hood · first_building Barracks |
| 8:50 | amonxzol · first_building Barracks |
| 10:00 | Robin5hood · age_up feudal |
| 10:01 | Robin5hood · first_building Archery Range |
| 10:04 | amonxzol · age_up feudal |
| 10:05 | amonxzol · first_building Archery Range |
| 12:05 | amonxzol · wall_segment Palisade Wall x1 |
| 16:31 | amonxzol · resign |
[ AI ANALYSIS · 1 CREDIT ]
What really happened in this match?
Wolo.gg analyzes every decision: build order, eco, micro, common mistakes by bracket. Personalized analysis on WhatsApp or Discord in 30 seconds.
Civ guide
Mongols
Perfil
Jugador #369054